San Jose Sharks vs Vegas Golden Knights
Created - Monday, February 19, 2024 at 07:02
Goals
|
| San Jose Sharks |
0 |
0 |
0 |
0 |
| Vegas Golden Knights |
0 |
1 |
1 |
2 |
|
Shots
|
| San Jose Sharks |
6 |
6 |
5 |
17 |
| Vegas Golden Knights |
8 |
16 |
12 |
36 |
|
1st period
No Goal
Penalties :
Marc-Edouard Vlasic (VGK) for Hooking (Minor) at 6:21, Sean Monahan (VGK) for Goalie Interference (Minor) at 8:55
2nd period
1. Vegas Golden Knights , Jonathan Drouin 3 (Joe Pavelski 3, Roman Josi 8) at 15:55
Penalties :
Jordan Staal (VGK) for Hooking (Minor) at 6:47, Tyler Bertuzzi (VGK) for Interference (Minor) at 12:22
3rd period
2. Vegas Golden Knights , Jonathan Drouin 4 (Shea Theodore 2, Alex Chiasson 1) at 13:11
Penalties :
Ryan Hartman (SJS) for Hooking (Minor) at 2:05, Travis Hamonic (VGK) for Hooking (Minor) at 6:59
Goalie Stats
Logan Thompson (SJS), 34 saves from 36 shots - (0.944), L, 0-1-0, 60:00 minutes
Alexandar Georgiev (VGK), 17 saves from 17 shots - (1.000), W, 4-4-1, 60:00 minutes
Players Stats for San Jose Sharks
Player Name G A P +/- PIM S H SB GA TA FO MP PP MP PK MP
------------------------------------------------------------------------------------
Andreas Athanasiou 0 0 0 0 0 1 0 0 1 0 0/3 14:06 0:00 0:42
Anthony Deangelo 0 0 0 0 0 1 0 1 0 0 0/0 13:04 0:00 0:00
Christian Dvorak 0 0 0 -2 0 1 0 1 0 1 0/0 20:37 5:00 0:58
Christopher Tanev 0 0 0 0 0 0 0 1 0 1 0/0 21:24 4:39 0:53
Connor Murphy 0 0 0 0 0 0 2 0 0 0 0/0 21:05 4:39 0:53
Derek Forbort 0 0 0 -2 0 2 3 1 0 0 0/0 25:18 5:16 1:06
Dylan Strome 0 0 0 0 0 1 1 0 1 1 0/0 19:03 4:23 1:00
Ilya Mikheyev 0 0 0 0 0 3 0 0 0 0 1/1 12:17 0:32 0:00
Ivan Barbashev 0 0 0 -2 0 2 3 0 1 1 1/3 18:29 5:00 0:00
Jack Roslovic 0 0 0 0 0 1 0 0 0 1 2/2 15:32 3:11 0:00
John Hayden 0 0 0 0 0 0 2 1 0 1 2/6 11:50 1:32 0:28
Rem Pitlick 0 0 0 -2 0 0 1 0 0 0 4/19 13:43 0:00 0:00
Ryan Hartman 0 0 0 0 2 0 3 0 0 0 10/22 21:07 5:12 0:00
Simon Nemec 0 0 0 0 0 0 0 0 0 1 0/0 13:00 0:00 0:00
Valeri Nichushkin 0 0 0 0 0 2 1 0 0 0 0/2 19:17 4:55 0:50
Victor Olofsson 0 0 0 0 0 1 0 0 0 0 0/0 9:47 0:00 0:00
William Karlsson 0 0 0 0 0 0 0 1 0 0 0/1 2:12 0:00 0:00
Zachary Werenski 0 0 0 -2 0 2 0 0 0 1 0/0 26:09 5:16 1:06
Players Stats for Vegas Golden Knights
Player Name G A P +/- PIM S H SB GA TA FO MP PP MP PK MP
------------------------------------------------------------------------------------
Alex Chiasson 0 1 1 2 0 0 0 0 1 1 0/0 9:24 0:56 0:00
Chris Kreider 0 0 0 0 0 3 0 1 2 0 1/1 16:06 1:03 0:56
Eric Staal 0 0 0 2 0 0 0 0 0 0 2/6 12:36 0:00 4:42
Joe Pavelski 0 1 1 0 0 2 3 0 0 0 2/3 15:36 1:03 0:07
John Marino 0 0 0 0 0 1 0 0 0 0 0/0 19:31 0:00 4:20
Jonathan Drouin 2 0 2 2 0 2 2 1 1 0 0/0 8:35 0:56 0:00
Jordan Staal 0 0 0 0 2 3 0 0 1 0 9/9 15:36 0:00 3:42
Marc Staal 0 0 0 0 0 0 1 0 0 0 0/0 19:06 0:00 4:50
Marc-Edouard Vlasic 0 0 0 0 2 5 0 1 0 0 0/0 17:04 0:00 3:54
Nikolaj Ehlers 0 0 0 0 0 3 0 0 0 0 0/0 14:58 0:56 0:00
Reilly Smith 0 0 0 0 0 4 2 0 0 0 0/0 14:23 1:03 1:47
Rickard Rakell 0 0 0 0 0 4 1 0 1 1 1/2 14:58 0:56 0:00
Roman Josi 0 1 1 2 0 0 2 2 1 0 0/0 21:30 1:03 0:55
Sean Couturier 0 0 0 0 0 2 0 0 0 1 15/24 19:06 0:00 4:50
Sean Monahan 0 0 0 0 2 1 0 0 1 0 9/14 18:26 0:00 3:46
Shea Theodore 0 1 1 2 0 0 0 0 0 0 0/0 22:28 0:56 1:51
Travis Hamonic 0 0 0 0 2 2 2 2 0 0 0/0 18:13 0:00 4:00
Tyler Bertuzzi 0 0 0 0 2 4 0 0 0 0 0/0 12:24 1:03 0:00
3 Stars
1 - Jonathan Drouin (VGK)
2 - Alexandar Georgiev (VGK)
3 - Roman Josi (VGK)
Power Play
San Jose Sharks - 0 on 5 Attempt(s) - 0.00%
Vegas Golden Knights - 0 on 1 Attempt(s) - 0.00%
Penalty Kill
San Jose Sharks - 1 on 1 Attempt(s) - 100.00%
- Score 0 goal in Penalty Kill
Vegas Golden Knights - 5 on 5 Attempt(s) - 100.00%
- Score 0 goal in Penalty Kill
Team Stat
San Jose Sharks - Hits : 16 - Faceoff Wins : 20 - Blocked Shots : 6 - Penalty Minutes : 2
Vegas Golden Knights - Hits : 13 - Faceoff Wins : 39 - Blocked Shots : 7 - Penalty Minutes : 10
Official
Referees : Kyle Rehman and Ghislain Hebert
Linesman : Michel Cormier and Tim Nowak
Game Notes
William Karlsson is injured at 3:11 of 1st period (Sore Left Knee)
Finance
Level 1 -- Attendance: 6000 (100.00%) -- Ticket Income $570,000
Level 2 -- Attendance: 4643 (92.86%) -- Ticket Income $255,365
Level 3 -- Attendance: 2969 (98.97%) -- Ticket Income $89,070
Level 4 -- Attendance: 4920 (98.40%) -- Ticket Income $98,400
Luxury Box -- Attendance: 1000 (100.00%) -- Ticket Income $190,000
Game was played at the T-Mobile Arena.
Total Attendance: 19532 (97.66%)
Total Ticket Income: $1,202,835
Other Income: $420,992
Total Income: $1,623,827
San Jose Sharks
5 vs 5 Forward
Center Left Wing Right Wing Time % Phy DF OF
1 William Karlsson Valeri Nichushkin Dylan Strome 30 1 2 2
2 Rem Pitlick Christian Dvorak Ivan Barbashev 30 1 2 2
3 Ryan Hartman Ilya Mikheyev Jack Roslovic 25 1 2 2
4 John Hayden Andreas Athanasiou Victor Olofsson 15 1 2 2
5 vs 5 Defense
Defense Defense Time % Phy DF OF
1 Derek Forbort Zachary Werenski 30 1 2 2
2 Christopher Tanev Connor Murphy 30 1 2 2
3 Anthony Deangelo Simon Nemec 25 1 2 2
4 Derek Forbort Zachary Werenski 15 1 2 2
PowerPlay Forward
Center Left Wing Right Wing Time % Phy DF OF
1 Ryan Hartman Valeri Nichushkin Dylan Strome 50 1 2 2
2 William Karlsson Christian Dvorak Ivan Barbashev 50 1 2 2
PowerPlay Defense
Defense Defense Time % Phy DF OF
1 Derek Forbort Zachary Werenski 50 1 2 2
2 Christopher Tanev Connor Murphy 50 1 2 2
Penalty Kill 4 Players Forward
Center Wing Time % Phy DF OF
1 Valeri Nichushkin Christian Dvorak 50 1 2 2
2 William Karlsson Dylan Strome 50 1 2 2
Penalty Kill 4 Players Defense
Defense Defense Time % Phy DF OF
1 Derek Forbort Zachary Werenski 50 1 2 2
2 Christopher Tanev Connor Murphy 50 1 2 2
Penalty Kill - 3 Players Forward
Forward Time % Phy DF OF
1 Valeri Nichushkin 50 1 2 2
2 Dylan Strome 50 1 2 2
Penalty Kill - 3 Players Defense
Defense Defense Time % Phy DF OF
1 Derek Forbort Zachary Werenski 50 1 2 2
2 Christopher Tanev Connor Murphy 50 1 2 2
4 vs 4 Forward
Center Wing Time % Phy DF OF
1 Valeri Nichushkin Andreas Athanasiou 50 1 2 2
2 William Karlsson Dylan Strome 50 1 2 2
4 vs 4 Defense
Defense Defense Time % Phy DF OF
1 Derek Forbort Zachary Werenski 50 1 2 2
2 Christopher Tanev Connor Murphy 50 1 2 2
Last Minutes Offensive
Center Left Wing Right Wing Defense Defense
Rem Pitlick Valeri Nichushkin Dylan Strome Derek Forbort Zachary Werenski
Last Minutes Defensive
Center Left Wing Right Wing Defense Defense
Rem Pitlick Valeri Nichushkin Dylan Strome Derek Forbort Zachary Werenski
Goaltenders
Starting : Logan Thompson
Backup : Ilya Samsonov
Extra Forwards
Normal : Ryan Hartman, Jack Roslovic, Andreas Athanasiou - PP : Ryan Hartman, Jack Roslovic - PK : Andreas Athanasiou
Extra Defensemen
Normal : Anthony Deangelo, Simon Nemec, Christopher Tanev - PP : Anthony Deangelo - PK : Simon Nemec, Christopher Tanev
Penalty Shots
Valeri Nichushkin, Jack Roslovic, William Karlsson, Dylan Strome, Christian Dvorak
Vegas Golden Knights
5 vs 5 Forward
Center Left Wing Right Wing Time % Phy DF OF
1 Sean Monahan Chris Kreider Joe Pavelski 30 1 2 2
2 Sean Couturier Nikolaj Ehlers Rickard Rakell 30 1 2 2
3 Jordan Staal Tyler Bertuzzi Reilly Smith 25 1 2 2
4 Eric Staal Jonathan Drouin Alex Chiasson 15 1 2 2
5 vs 5 Defense
Defense Defense Time % Phy DF OF
1 Roman Josi Shea Theodore 35 1 2 2
2 Marc Staal John Marino 30 1 2 2
3 Marc-Edouard Vlasic Travis Hamonic 25 1 2 2
4 Roman Josi Shea Theodore 10 1 2 2
PowerPlay Forward
Center Left Wing Right Wing Time % Phy DF OF
1 Joe Pavelski Chris Kreider Reilly Smith 50 1 2 2
2 Jonathan Drouin Nikolaj Ehlers Rickard Rakell 50 1 2 2
PowerPlay Defense
Defense Defense Time % Phy DF OF
1 Tyler Bertuzzi Roman Josi 50 1 2 2
2 Alex Chiasson Shea Theodore 50 1 2 2
Penalty Kill 4 Players Forward
Center Wing Time % Phy DF OF
1 Sean Couturier Sean Monahan 50 1 2 2
2 Eric Staal Jordan Staal 50 1 2 2
Penalty Kill 4 Players Defense
Defense Defense Time % Phy DF OF
1 John Marino Travis Hamonic 50 1 2 2
2 Marc-Edouard Vlasic Marc Staal 50 1 2 2
Penalty Kill - 3 Players Forward
Forward Time % Phy DF OF
1 Sean Couturier 50 1 2 2
2 Jordan Staal 50 1 2 2
Penalty Kill - 3 Players Defense
Defense Defense Time % Phy DF OF
1 John Marino Travis Hamonic 50 1 2 2
2 Eric Staal Marc Staal 50 1 2 2
4 vs 4 Forward
Center Wing Time % Phy DF OF
1 Joe Pavelski Chris Kreider 50 1 2 2
2 Jonathan Drouin Alex Chiasson 50 1 2 2
4 vs 4 Defense
Defense Defense Time % Phy DF OF
1 Roman Josi Shea Theodore 50 1 2 2
2 Marc-Edouard Vlasic John Marino 50 1 2 2
Last Minutes Offensive
Center Left Wing Right Wing Defense Defense
Joe Pavelski Chris Kreider Nikolaj Ehlers Roman Josi Shea Theodore
Last Minutes Defensive
Center Left Wing Right Wing Defense Defense
Eric Staal Jordan Staal Sean Monahan Marc Staal Travis Hamonic
Goaltenders
Starting : Alexandar Georgiev
Backup : Casey DeSmith
Extra Forwards
Normal : Reilly Smith, Joe Pavelski, Chris Kreider - PP : Sean Monahan, Sean Couturier - PK : Reilly Smith
Extra Defensemen
Normal : John Marino, Roman Josi, Shea Theodore - PP : Marc Staal - PK : Shea Theodore, Roman Josi
Penalty Shots
Rickard Rakell, Sean Monahan, Joe Pavelski, Chris Kreider, Jonathan Drouin
% Time on Ice - San Jose Sharks
Lines # - Real PCT - Wanted PCT - Time Play
Normal Forward
1 - 31% - 30% - 14:44
2 - 30% - 30% - 14:15
3 - 21% - 25% - 9:56
4 - 19% - 15% - 9:11
Normal Defense
1 - 27% - 30% - 13:10
2 - 34% - 30% - 16:24
3 - 27% - 25% - 12:46
4 - 12% - 15% - 5:46
PP Forward
1 - 44% - 50% - 4:23
2 - 56% - 50% - 5:32
PP Defense
1 - 53% - 50% - 5:16
2 - 47% - 50% - 4:39
PK Forward
1 - 24% - 50% - 0:29
2 - 76% - 50% - 1:30
PK Defense
1 - 55% - 50% - 1:06
2 - 45% - 50% - 0:53
PK3 Forward
1 - 0% - 50%
2 - 0% - 50%
PK3 Defense
1 - 0% - 50%
2 - 0% - 50%
44 Forward
1 - 0% - 50%
2 - 0% - 50%
44 Defense
1 - 0% - 50%
2 - 0% - 50%
Last Minute Offensive - 0:00
Last Minute Defensive - 0:00
Total
Forward - 60:00
Defense - 60:00
|
% Time on Ice - Vegas Golden Knights
Lines # - Real PCT - Wanted PCT - Time Play
Normal Forward
1 - 31% - 30% - 14:50
2 - 29% - 30% - 14:08
3 - 24% - 25% - 11:29
4 - 16% - 15% - 7:39
Normal Defense
1 - 36% - 35% - 17:29
2 - 30% - 30% - 14:13
3 - 27% - 25% - 12:47
4 - 8% - 10% - 3:37
PP Forward
1 - 53% - 50% - 1:03
2 - 47% - 50% - 0:56
PP Defense
1 - 53% - 50% - 1:03
2 - 47% - 50% - 0:56
PK Forward
1 - 50% - 50% - 5:00
2 - 50% - 50% - 4:55
PK Defense
1 - 51% - 50% - 5:05
2 - 49% - 50% - 4:50
PK3 Forward
1 - 0% - 50%
2 - 0% - 50%
PK3 Defense
1 - 0% - 50%
2 - 0% - 50%
44 Forward
1 - 0% - 50%
2 - 0% - 50%
44 Defense
1 - 0% - 50%
2 - 0% - 50%
Last Minute Offensive - 0:00
Last Minute Defensive - 0:00
Total
Forward - 60:00
Defense - 60:00
|
Play-by-Play
1st period
0:01 of 1st period - Chris Kreider wins face-off versus William Karlsson in neutral zone.
0:32 of 1st period - Sean Couturier is hit by Ivan Barbashev and loses puck.
2:06 of 1st period - Valeri Nichushkin is hit by Roman Josi and loses puck.
3:11 of 1st period - Wrist shot by Jordan Staal.
3:11 of 1st period - Shot Blocked by William Karlsson.
3:11 of 1st period - William Karlsson from San Jose Sharks is injured at 3:11 of 1st period (Sore Left Knee).
3:12 of 1st period - Joe Pavelski wins face-off versus Rem Pitlick in San Jose Sharks zone.
3:54 of 1st period - Snap shot by Nikolaj Ehlers.
3:54 of 1st period - Stopped by Logan Thompson with a rebound.
3:56 of 1st period - Slapshot by Marc-Edouard Vlasic.
3:56 of 1st period - Stopped by Logan Thompson with a rebound.
3:58 of 1st period - Slapshot by Marc-Edouard Vlasic.
3:58 of 1st period - Stopped by Logan Thompson without a rebound.
3:59 of 1st period - Eric Staal wins face-off versus John Hayden in San Jose Sharks zone.
4:12 of 1st period - Wrist shot by Alex Chiasson.
4:12 of 1st period - Shot Misses the Net.
4:34 of 1st period - Snap shot by Ivan Barbashev.
4:34 of 1st period - Stopped by Alexandar Georgiev with a rebound.
5:07 of 1st period - Snap shot by Tyler Bertuzzi.
5:07 of 1st period - Shot Misses the Net.
5:09 of 1st period - Slapshot by Travis Hamonic.
5:09 of 1st period - Deflect By Valeri Nichushkin.
5:09 of 1st period - Stopped by Logan Thompson without a rebound.
5:10 of 1st period - Jordan Staal wins face-off versus Andreas Athanasiou in San Jose Sharks zone.
5:23 of 1st period - Snap shot by Dylan Strome.
5:23 of 1st period - Shot Misses the Net.
5:25 of 1st period - Slapshot by Zachary Werenski.
5:25 of 1st period - Stopped by Alexandar Georgiev with a rebound.
5:27 of 1st period - Wrist shot by Valeri Nichushkin.
5:27 of 1st period - Stopped by Alexandar Georgiev without a rebound.
5:28 of 1st period - Sean Couturier wins face-off versus Ivan Barbashev in Vegas Golden Knights zone.
6:08 of 1st period - Snap shot by Victor Olofsson.
6:08 of 1st period - Stopped by Alexandar Georgiev without a rebound.
6:09 of 1st period - Eric Staal wins face-off versus Ryan Hartman in Vegas Golden Knights zone.
6:21 of 1st period - Minor Penalty to Marc-Edouard Vlasic for Hooking.
6:22 of 1st period - Ryan Hartman wins face-off versus Sean Monahan in Vegas Golden Knights zone.
6:48 of 1st period - Eric Staal is hit by Derek Forbort and loses puck.
8:21 of 1st period - Penalty to Marc-Edouard Vlasic is over, Marc-Edouard Vlasic is back on ice.
8:55 of 1st period - Minor Penalty to Sean Monahan for Goalie Interference.
8:56 of 1st period - Sean Couturier wins face-off versus Ryan Hartman in Vegas Golden Knights zone.
9:01 of 1st period - Icing by Christian Dvorak.
9:02 of 1st period - Ryan Hartman wins face-off versus Sean Couturier in San Jose Sharks zone.
9:07 of 1st period - Snap shot by Reilly Smith.
9:07 of 1st period - Stopped by Logan Thompson with a rebound.
9:25 of 1st period - Jordan Staal is hit by Ryan Hartman.
10:25 of 1st period - Reilly Smith is hit by Derek Forbort and loses puck.
10:55 of 1st period - Penalty to Sean Monahan is over, Sean Monahan is back on ice.
11:04 of 1st period - Snap shot by Sean Monahan.
11:04 of 1st period - Stopped by Logan Thompson with a rebound.
13:58 of 1st period - Wrist shot by Sean Monahan.
13:58 of 1st period - Shot Misses the Net.
14:14 of 1st period - Dylan Strome is hit by Marc Staal and loses puck.
14:38 of 1st period - Icing by Ilya Mikheyev.
14:39 of 1st period - Ryan Hartman wins face-off versus Sean Monahan in San Jose Sharks zone.
15:53 of 1st period - Icing by Sean Couturier.
15:54 of 1st period - Jack Roslovic wins face-off versus Sean Couturier in Vegas Golden Knights zone.
16:22 of 1st period - Snap shot by Chris Kreider.
16:22 of 1st period - Stopped by Logan Thompson without a rebound.
16:23 of 1st period - Sean Monahan wins face-off versus Ryan Hartman in San Jose Sharks zone.
16:26 of 1st period - Snap shot by Joe Pavelski.
16:26 of 1st period - Stopped by Logan Thompson with a rebound.
16:34 of 1st period - Wrist shot by Jack Roslovic.
16:34 of 1st period - Shot Misses the Net.
16:36 of 1st period - Slapshot by Derek Forbort.
16:36 of 1st period - Stopped by Alexandar Georgiev without a rebound.
16:37 of 1st period - Rem Pitlick wins face-off versus Rickard Rakell in Vegas Golden Knights zone.
17:52 of 1st period - Slapshot by Andreas Athanasiou.
17:52 of 1st period - Stopped by Alexandar Georgiev with a rebound.
18:05 of 1st period - Icing by John Hayden.
18:06 of 1st period - John Hayden wins face-off versus Sean Couturier in San Jose Sharks zone.
18:32 of 1st period - Off-side.
18:33 of 1st period - Sean Monahan wins face-off versus Rem Pitlick in neutral zone.
18:58 of 1st period - Marc-Edouard Vlasic is hit by Dylan Strome and loses puck.
19:52 of 1st period - Backhand shot by Roman Josi.
19:52 of 1st period - Shot Misses the Net.
Goals for this period are 0 for San Jose Sharks vs 0 for Vegas Golden Knights.
Shots for this period are 6 for San Jose Sharks vs 8 for Vegas Golden Knights.
2nd period
0:01 of 2nd period - Jordan Staal wins face-off versus Rem Pitlick in neutral zone.
0:31 of 2nd period - Wrist shot by Rickard Rakell.
0:31 of 2nd period - Shot Misses the Net.
0:33 of 2nd period - Snap shot by Nikolaj Ehlers.
0:33 of 2nd period - Shot Misses the Net.
0:35 of 2nd period - Wrist shot by Nikolaj Ehlers.
0:35 of 2nd period - Shot Misses the Net.
0:57 of 2nd period - Wrist shot by Dylan Strome.
0:57 of 2nd period - Shot Misses the Net.
1:31 of 2nd period - Slapshot by Tyler Bertuzzi.
1:31 of 2nd period - Stopped by Logan Thompson with a rebound.
1:45 of 2nd period - Nikolaj Ehlers is hit by Valeri Nichushkin.
2:25 of 2nd period - Joe Pavelski is hit by John Hayden and loses puck.
3:04 of 2nd period - Wrist shot by Alex Chiasson.
3:04 of 2nd period - Deflect By Eric Staal.
3:04 of 2nd period - Shot Misses the Net.
3:04 of 2nd period - Puck is out of play.
3:05 of 2nd period - Sean Monahan wins face-off versus Rem Pitlick in San Jose Sharks zone.
3:10 of 2nd period - Slapshot by Joe Pavelski.
3:10 of 2nd period - Stopped by Logan Thompson with a rebound.
3:59 of 2nd period - Wrist shot by Victor Olofsson.
3:59 of 2nd period - Shot Misses the Net.
4:02 of 2nd period - Icing by Shea Theodore.
4:03 of 2nd period - Jordan Staal wins face-off versus Rem Pitlick in Vegas Golden Knights zone.
5:47 of 2nd period - Victor Olofsson is hit by Joe Pavelski and loses puck.
6:14 of 2nd period - Ivan Barbashev is hit by Jonathan Drouin and loses puck.
6:47 of 2nd period - Minor Penalty to Jordan Staal for Hooking.
6:48 of 2nd period - Ryan Hartman wins face-off versus Eric Staal in Vegas Golden Knights zone.
8:47 of 2nd period - Penalty to Jordan Staal is over, Jordan Staal is back on ice.
8:58 of 2nd period - Snap shot by Sean Couturier.
8:58 of 2nd period - Shot Blocked by John Hayden.
9:00 of 2nd period - Snap shot by Sean Couturier.
9:00 of 2nd period - Stopped by Logan Thompson without a rebound.
9:01 of 2nd period - Jordan Staal wins face-off versus John Hayden in San Jose Sharks zone.
9:04 of 2nd period - Slapshot by Tyler Bertuzzi.
9:04 of 2nd period - Stopped by Logan Thompson with a rebound.
9:10 of 2nd period - Wrist shot by Reilly Smith.
9:10 of 2nd period - Stopped by Logan Thompson with a rebound.
9:15 of 2nd period - Off-side.
9:16 of 2nd period - Ryan Hartman wins face-off versus Sean Couturier in neutral zone.
9:23 of 2nd period - Wrist shot by Ryan Hartman.
9:23 of 2nd period - Shot Blocked by Roman Josi.
9:25 of 2nd period - Slapshot by Zachary Werenski.
9:25 of 2nd period - Stopped by Alexandar Georgiev without a rebound.
9:26 of 2nd period - Sean Couturier wins face-off versus Ryan Hartman in Vegas Golden Knights zone.
9:26 of 2nd period - Sean Couturier is hit by Ryan Hartman.
9:36 of 2nd period - Snap shot by Ilya Mikheyev.
9:36 of 2nd period - Stopped by Alexandar Georgiev without a rebound.
9:37 of 2nd period - Rem Pitlick wins face-off versus Sean Monahan in Vegas Golden Knights zone.
9:46 of 2nd period - Snap shot by Ivan Barbashev.
9:46 of 2nd period - Shot Blocked by Travis Hamonic.
9:48 of 2nd period - Slapshot by Derek Forbort.
9:48 of 2nd period - Shot Blocked by Marc-Edouard Vlasic.
9:50 of 2nd period - Backhand shot by Derek Forbort.
9:50 of 2nd period - Deflect By Chris Kreider.
9:50 of 2nd period - Stopped by Alexandar Georgiev without a rebound.
9:51 of 2nd period - Ryan Hartman wins face-off versus Sean Couturier in Vegas Golden Knights zone.
10:06 of 2nd period - Wrist shot by Ilya Mikheyev.
10:06 of 2nd period - Stopped by Alexandar Georgiev without a rebound.
10:07 of 2nd period - Sean Monahan wins face-off versus Rem Pitlick in Vegas Golden Knights zone.
10:07 of 2nd period - Sean Monahan is hit by Ivan Barbashev.
10:13 of 2nd period - Wrist shot by Chris Kreider.
10:13 of 2nd period - Shot Blocked by Derek Forbort.
10:23 of 2nd period - Slapshot by Zachary Werenski.
10:23 of 2nd period - Shot Blocked by Travis Hamonic.
10:33 of 2nd period - Ryan Hartman is hit by Rickard Rakell and loses puck.
10:41 of 2nd period - Off-side.
10:42 of 2nd period - Sean Couturier wins face-off versus Ryan Hartman in neutral zone.
10:53 of 2nd period - Wrist shot by Dylan Strome.
10:53 of 2nd period - Shot Misses the Net.
10:55 of 2nd period - Backhand shot by Dylan Strome.
10:55 of 2nd period - Stopped by Alexandar Georgiev without a rebound.
10:56 of 2nd period - Rem Pitlick wins face-off versus Sean Monahan in Vegas Golden Knights zone.
11:23 of 2nd period - Roman Josi is hit by Derek Forbort and loses puck.
12:00 of 2nd period - Snap shot by Ryan Hartman.
12:00 of 2nd period - Deflect By Jack Roslovic.
12:00 of 2nd period - Shot Misses the Net.
12:00 of 2nd period - Puck is out of play.
12:01 of 2nd period - Jordan Staal wins face-off versus Rem Pitlick in Vegas Golden Knights zone.
12:22 of 2nd period - Minor Penalty to Tyler Bertuzzi for Interference.
12:23 of 2nd period - Sean Couturier wins face-off versus Ryan Hartman in Vegas Golden Knights zone.
12:36 of 2nd period - Snap shot by Jordan Staal.
12:36 of 2nd period - Stopped by Logan Thompson without a rebound.
12:37 of 2nd period - Ryan Hartman wins face-off versus Sean Couturier in San Jose Sharks zone.
13:08 of 2nd period - Slapshot by Ivan Barbashev.
13:08 of 2nd period - Stopped by Alexandar Georgiev without a rebound.
13:09 of 2nd period - Ryan Hartman wins face-off versus Eric Staal in Vegas Golden Knights zone.
14:22 of 2nd period - Penalty to Tyler Bertuzzi is over, Tyler Bertuzzi is back on ice.
15:09 of 2nd period - Slapshot by Roman Josi.
15:09 of 2nd period - Deflect By Jordan Staal.
15:09 of 2nd period - Stopped by Logan Thompson without a rebound.
15:10 of 2nd period - Jordan Staal wins face-off versus John Hayden in San Jose Sharks zone.
15:36 of 2nd period - Ilya Mikheyev is hit by Joe Pavelski and loses puck.
15:55 of 2nd period - Snap shot by Jonathan Drouin.
15:55 of 2nd period - Goal by Jonathan Drouin - San Jose Sharks : 0 - Vegas Golden Knights : 1.
15:56 of 2nd period - Sean Monahan wins face-off versus Rem Pitlick in neutral zone.
16:26 of 2nd period - Marc Staal is hit by Ryan Hartman and loses puck.
16:45 of 2nd period - Slapshot by Valeri Nichushkin.
16:45 of 2nd period - Shot Misses the Net.
16:51 of 2nd period - Snap shot by Chris Kreider.
16:51 of 2nd period - Stopped by Logan Thompson without a rebound.
16:52 of 2nd period - Sean Couturier wins face-off versus Rem Pitlick in San Jose Sharks zone.
17:09 of 2nd period - Snap shot by Rickard Rakell.
17:09 of 2nd period - Stopped by Logan Thompson with a rebound.
17:33 of 2nd period - Snap shot by Reilly Smith.
17:33 of 2nd period - Stopped by Logan Thompson without a rebound.
17:34 of 2nd period - John Hayden wins face-off versus Eric Staal in San Jose Sharks zone.
18:23 of 2nd period - Jonathan Drouin is hit by Rem Pitlick and loses puck.
18:34 of 2nd period - Slapshot by Roman Josi.
18:34 of 2nd period - Deflect By Alex Chiasson.
18:34 of 2nd period - Shot Hit the Post.
18:34 of 2nd period - Puck is out of play.
18:35 of 2nd period - Sean Couturier wins face-off versus Ryan Hartman in San Jose Sharks zone.
19:00 of 2nd period - Roman Josi is hit by Ivan Barbashev and loses puck.
19:20 of 2nd period - Connor Murphy is hit by Reilly Smith and loses puck.
19:45 of 2nd period - Snap shot by Reilly Smith.
19:45 of 2nd period - Stopped by Logan Thompson with a rebound.
19:47 of 2nd period - Slapshot by Jordan Staal.
19:47 of 2nd period - Shot Misses the Net.
19:49 of 2nd period - Slapshot by Marc-Edouard Vlasic.
19:49 of 2nd period - Stopped by Logan Thompson with a rebound.
19:51 of 2nd period - Slapshot by Travis Hamonic.
19:51 of 2nd period - Stopped by Logan Thompson with a rebound.
19:53 of 2nd period - Slapshot by Marc-Edouard Vlasic.
19:53 of 2nd period - Shot Blocked by Anthony Deangelo.
19:55 of 2nd period - Slapshot by Marc-Edouard Vlasic.
19:55 of 2nd period - Stopped by Logan Thompson with a rebound.
19:57 of 2nd period - Snap shot by Jordan Staal.
19:57 of 2nd period - Stopped by Logan Thompson without a rebound.
19:58 of 2nd period - Sean Couturier wins face-off versus Rem Pitlick in San Jose Sharks zone.
Goals for this period are 0 for San Jose Sharks vs 1 for Vegas Golden Knights.
Shots for this period are 6 for San Jose Sharks vs 16 for Vegas Golden Knights.
3rd period
0:01 of 3rd period - Sean Couturier wins face-off versus Rem Pitlick in neutral zone.
0:10 of 3rd period - Wrist shot by Rickard Rakell.
0:10 of 3rd period - Deflect By Nikolaj Ehlers.
0:10 of 3rd period - Stopped by Logan Thompson without a rebound.
0:11 of 3rd period - Ivan Barbashev wins face-off versus Sean Couturier in San Jose Sharks zone.
0:45 of 3rd period - Wrist shot by Ryan Hartman.
0:45 of 3rd period - Shot Misses the Net.
1:03 of 3rd period - Snap shot by Andreas Athanasiou.
1:03 of 3rd period - Shot Misses the Net.
1:05 of 3rd period - Slapshot by Valeri Nichushkin.
1:05 of 3rd period - Stopped by Alexandar Georgiev with a rebound.
1:14 of 3rd period - Icing by Connor Murphy.
1:15 of 3rd period - Sean Couturier wins face-off versus John Hayden in San Jose Sharks zone.
1:18 of 3rd period - Wrist shot by Nikolaj Ehlers.
1:18 of 3rd period - Shot Misses the Net.
1:20 of 3rd period - Wrist shot by Sean Couturier.
1:20 of 3rd period - Stopped by Logan Thompson with a rebound.
1:26 of 3rd period - Snap shot by Rickard Rakell.
1:26 of 3rd period - Stopped by Logan Thompson without a rebound.
1:27 of 3rd period - Sean Couturier wins face-off versus Rem Pitlick in San Jose Sharks zone.
1:42 of 3rd period - Snap shot by Nikolaj Ehlers.
1:42 of 3rd period - Stopped by Logan Thompson without a rebound.
1:43 of 3rd period - Sean Monahan wins face-off versus Valeri Nichushkin in San Jose Sharks zone.
1:51 of 3rd period - Snap shot by Joe Pavelski.
1:51 of 3rd period - Shot Misses the Net.
1:53 of 3rd period - Slapshot by John Marino.
1:53 of 3rd period - Stopped by Logan Thompson with a rebound.
2:05 of 3rd period - Minor Penalty to Ryan Hartman for Hooking.
2:06 of 3rd period - Joe Pavelski wins face-off versus Valeri Nichushkin in San Jose Sharks zone.
2:21 of 3rd period - Dylan Strome is hit by Joe Pavelski and loses puck.
2:36 of 3rd period - Snap shot by Nikolaj Ehlers.
2:36 of 3rd period - Shot Misses the Net.
2:46 of 3rd period - Jonathan Drouin is hit by Connor Murphy.
3:46 of 3rd period - Jonathan Drouin is hit by John Hayden and loses puck.
4:05 of 3rd period - Penalty to Ryan Hartman is over, Ryan Hartman is back on ice.
4:13 of 3rd period - Backhand shot by Jack Roslovic.
4:13 of 3rd period - Stopped by Alexandar Georgiev without a rebound.
4:14 of 3rd period - Jordan Staal wins face-off versus Ryan Hartman in Vegas Golden Knights zone.
4:54 of 3rd period - Slapshot by Connor Murphy.
4:54 of 3rd period - Shot Misses the Net.
5:06 of 3rd period - Snap shot by Ilya Mikheyev.
5:06 of 3rd period - Stopped by Alexandar Georgiev without a rebound.
5:07 of 3rd period - Jordan Staal wins face-off versus Ryan Hartman in Vegas Golden Knights zone.
5:12 of 3rd period - Snap shot by Tyler Bertuzzi.
5:12 of 3rd period - Stopped by Logan Thompson without a rebound.
5:13 of 3rd period - Rem Pitlick wins face-off versus Sean Couturier in San Jose Sharks zone.
5:13 of 3rd period - Rem Pitlick is hit by Roman Josi.
5:39 of 3rd period - Slapshot by Zachary Werenski.
5:39 of 3rd period - Deflect By Valeri Nichushkin.
5:39 of 3rd period - Shot Blocked by Chris Kreider.
5:39 of 3rd period - Puck is out of play.
5:40 of 3rd period - Sean Monahan wins face-off versus Ryan Hartman in Vegas Golden Knights zone.
6:14 of 3rd period - Off-side.
6:15 of 3rd period - Sean Couturier wins face-off versus Rem Pitlick in neutral zone.
6:44 of 3rd period - Slapshot by Tyler Bertuzzi.
6:44 of 3rd period - Shot Misses the Net.
6:46 of 3rd period - Snap shot by Tyler Bertuzzi.
6:46 of 3rd period - Stopped by Logan Thompson without a rebound.
6:47 of 3rd period - Ilya Mikheyev wins face-off versus Sean Monahan in San Jose Sharks zone.
6:47 of 3rd period - Ilya Mikheyev is hit by Travis Hamonic.
6:57 of 3rd period - Slapshot by Anthony Deangelo.
6:57 of 3rd period - Stopped by Alexandar Georgiev with a rebound.
6:59 of 3rd period - Minor Penalty to Travis Hamonic for Hooking.
7:00 of 3rd period - Ryan Hartman wins face-off versus Sean Couturier in Vegas Golden Knights zone.
8:59 of 3rd period - Penalty to Travis Hamonic is over, Travis Hamonic is back on ice.
9:51 of 3rd period - Connor Murphy is hit by Jonathan Drouin and loses puck.
10:02 of 3rd period - Marc Staal is hit by Connor Murphy and loses puck.
10:35 of 3rd period - Off-side.
10:36 of 3rd period - Jack Roslovic wins face-off versus Eric Staal in neutral zone.
10:47 of 3rd period - Snap shot by Dylan Strome.
10:47 of 3rd period - Shot Blocked by Jonathan Drouin.
11:20 of 3rd period - Slapshot by Sean Monahan.
11:20 of 3rd period - Shot Misses the Net.
11:22 of 3rd period - Snap shot by Marc-Edouard Vlasic.
11:22 of 3rd period - Stopped by Logan Thompson with a rebound.
11:39 of 3rd period - Off-side.
11:40 of 3rd period - Sean Couturier wins face-off versus Andreas Athanasiou in neutral zone.
11:42 of 3rd period - Off-side.
11:43 of 3rd period - Sean Couturier wins face-off versus Andreas Athanasiou in neutral zone.
11:55 of 3rd period - Off-side.
11:56 of 3rd period - Rickard Rakell wins face-off versus Ivan Barbashev in neutral zone.
12:09 of 3rd period - Wrist shot by Ivan Barbashev.
12:09 of 3rd period - Shot Misses the Net.
12:11 of 3rd period - Slapshot by Derek Forbort.
12:11 of 3rd period - Shot Misses the Net.
12:43 of 3rd period - Slapshot by Zachary Werenski.
12:43 of 3rd period - Shot Misses the Net.
13:11 of 3rd period - Snap shot by Jonathan Drouin.
13:11 of 3rd period - Goal by Jonathan Drouin - San Jose Sharks : 0 - Vegas Golden Knights : 2.
13:12 of 3rd period - Sean Couturier wins face-off versus Rem Pitlick in neutral zone.
13:27 of 3rd period - Snap shot by Nikolaj Ehlers.
13:27 of 3rd period - Shot Misses the Net.
13:54 of 3rd period - Wrist shot by Rickard Rakell.
13:54 of 3rd period - Shot Blocked by Christian Dvorak.
14:26 of 3rd period - Snap shot by Nikolaj Ehlers.
14:26 of 3rd period - Shot Misses the Net.
14:38 of 3rd period - Snap shot by Christian Dvorak.
14:38 of 3rd period - Stopped by Alexandar Georgiev without a rebound.
14:39 of 3rd period - Sean Monahan wins face-off versus Ryan Hartman in Vegas Golden Knights zone.
14:50 of 3rd period - Slapshot by Chris Kreider.
14:50 of 3rd period - Stopped by Logan Thompson without a rebound.
14:51 of 3rd period - Ryan Hartman wins face-off versus Joe Pavelski in San Jose Sharks zone.
16:39 of 3rd period - Icing by Connor Murphy.
16:40 of 3rd period - Sean Monahan wins face-off versus Rem Pitlick in San Jose Sharks zone.
16:41 of 3rd period - Wrist shot by Chris Kreider.
16:41 of 3rd period - Shot Blocked by Christopher Tanev.
17:10 of 3rd period - Snap shot by Valeri Nichushkin.
17:10 of 3rd period - Shot Misses the Net.
17:24 of 3rd period - Snap shot by Andreas Athanasiou.
17:24 of 3rd period - Shot Blocked by Roman Josi.
17:50 of 3rd period - Wrist shot by Valeri Nichushkin.
17:50 of 3rd period - Shot Misses the Net.
17:56 of 3rd period - Slapshot by Rickard Rakell.
17:56 of 3rd period - Stopped by Logan Thompson with a rebound.
17:58 of 3rd period - Snap shot by Rickard Rakell.
17:58 of 3rd period - Stopped by Logan Thompson without a rebound.
17:59 of 3rd period - Jordan Staal wins face-off versus Ryan Hartman in San Jose Sharks zone.
18:26 of 3rd period - Zachary Werenski is hit by Travis Hamonic and loses puck.
19:28 of 3rd period - Anthony Deangelo is hit by Reilly Smith.
Goals for this period are 0 for San Jose Sharks vs 1 for Vegas Golden Knights.
Shots for this period are 5 for San Jose Sharks vs 12 for Vegas Golden Knights.
Back to the Top